 Dungeon Crawl Stone Soup version 0.27-a0-237-g52650a7530 (webtiles) character file.

Game seed: 16482591194658049376

148 ReteAZ the Fighter (level 5, -1/51 HPs)
             Began as a Gnoll Wanderer on Feb 2, 2021.
             Slain by an iguana (12 damage)
             ... on level 3 of the Dungeon.
             The game lasted 00:04:23 (2426 turns).

ReteAZ the Fighter (Gnoll Wanderer)                 Turns: 2426, Time: 00:04:24

Health: -1/51      AC:  6    Str: 13    XL:     5   Next: 30%
Magic:  9/9        EV: 10    Int:  9    God:
Gold:   141        SH:  0    Dex: 13    Spells: 10/10 levels left

rFire    . . .     SeeInvis .   k - +0 hand axe
rCold    . . .     Faith    .   (no shield)
rNeg     . . .     Spirit   .   h - +0 ring mail
rPois    .         Reflect  .   o - +0 helmet
rElec    .         Harm     .   (no cloak)
rCorr    .         Rampage  .   (no gloves)
Will     .....                  (no boots)
Stlth    +.........             (no amulet)
HPRegen  0.17/turn              (no ring)
MPRegen  0.11/turn              (no ring)

@: no status effects
A: distributed training, fangs 1, strong nose
a: no special abilities


You were on level 3 of the Dungeon.
You visited 1 branch of the dungeon, and saw 4 of its levels.

You collected 141 gold pieces.

Inventory:

Hand Weapons
 a - a +2 hand crossbow
 e - a +0 dagger
 j - a +0 short sword
 k - a +0 hand axe (weapon)
Missiles
 b - 19 bolts
 d - 22 poisoned darts (quivered)
Armour
 f - a +0 robe
 h - a +0 ring mail (worn)
 o - a +0 helmet (worn)
Wands
 q - a wand of acid (15)
 v - a wand of mindburst (8)
Scrolls
 i - 2 scrolls of teleportation
 m - 2 scrolls of blinking {unknown}
 n - a scroll of random uselessness {unknown}
 p - a scroll of immolation {unknown}
 r - 3 scrolls of fear {unknown}
 s - a scroll of identify {unknown}
 t - a scroll of magic mapping {unknown}
 u - a scroll of enchant weapon {unknown}
Potions
 c - 3 potions of curing
 g - a potion of heal wounds {unknown}
 l - a potion of brilliance {unknown}


   Skills:
 + Level 8.6 Fighting
 + Level 1.4 Short Blades
 + Level 1.4 Long Blades
 + Level 1.4 Axes
 + Level 1.4 Maces & Flails
 + Level 1.4 Polearms
 + Level 1.4 Staves
 + Level 1.4 Slings
 + Level 1.4 Bows
 + Level 2.9 Crossbows
 + Level 2.9 Throwing
 + Level 1.4 Armour
 + Level 1.4 Dodging
 + Level 1.4 Stealth
 + Level 1.4 Shields
 + Level 1.4 Unarmed Combat
 + Level 3.1 Spellcasting
 + Level 1.1 Conjurations
 + Level 1.1 Hexes
 + Level 1.1 Summonings
 + Level 1.1 Necromancy
 + Level 1.1 Translocations
 + Level 1.1 Transmutations
 + Level 1.1 Fire Magic
 + Level 1.1 Ice Magic
 + Level 1.1 Air Magic
 + Level 1.1 Earth Magic
 + Level 3.9 Poison Magic
 + Level 1.6 Invocations
 + Level 2.9 Evocations


You had 10 spell levels left.
You didn't know any spells.
Your spell library was empty.

Dungeon Overview and Level Annotations

Branches:
Dungeon (4/15)
 Temple: D:4-7

Altars:

Annotations:
D:4 Dowan, Duvessa, Grinder


Innate Abilities, Weirdness & Mutations

Your experience applies equally to all skills.
You have very sharp teeth.
Your uncanny sense of smell can sniff out nearby items.


Message History

You barely miss the iguana. Grinder hits you. The iguana closely misses you.
Grinder hits you.
You writhe in agony.
You hit Grinder but do no damage.
Grinder is heavily wounded.
You closely miss the iguana. The iguana barely misses you. Grinder hits you.
You writhe in agony.
Grinder blinks!
The iguana bites you. Grinder hits you.
Grinder blinks!
The iguana hisses menacingly.
There is a stone staircase leading up here.
The iguana bites you!
* * * LOW HITPOINT WARNING * * *
You climb upwards.
There is a stone staircase leading down here.
You barely miss the iguana. The iguana barely misses you.
You hit the iguana. You bite the iguana.
The iguana is lightly wounded.
The iguana bites you!
You die...

#.#.#.# #.# #.....#
#.#
###...#######.#####
#.........#.#...#
#..######.#.....#
###..# #.###..)#
#....# #.# ##.##
#.##.# #.# #.#
#.##.#### #.# #@#
#.......# #.# #l#
#.##.##.# #.# #.#
#.##.##.###.####.#
#................#
#.##.##.###.######
#.##.....##.#
#....<...##.#
########.##.#


You could see an iguana.

Vanquished Creatures
  A jelly (D:2)
  An orc wizard (D:3)
  Robin (D:2)
  An adder (D:3)
  An ooze (D:1)
  A worm (D:2)
  2 leopard geckos
  3 orcs (D:3)
  4 bats
  3 giant cockroaches (D:1)
  10 goblins
  8 hobgoblins
  4 jackals (D:4)
  5 kobolds
  5 frilled lizards
  A quokka skeleton (D:4)
  10 rats
61 creatures vanquished.

Notes
Turn   | Place    | Note
-------+----------+-------------------------------------------
     0 | D:1      | ReteAZ the Gnoll Wanderer began the quest for the Orb.
     0 | D:1      | ReteAZ set off with the following items: a +2 hand
                  | crossbow, 25 bolts, a potion of curing, 13 poisoned darts,
                  | a +0 dagger, a +0 robe
     0 | D:1      | Reached XP level 1. HP: 26/26 MP: 4/4
   140 | D:1      | Reached XP level 2. HP: 33/33 MP: 5/5
   650 | D:1      | Reached XP level 3. HP: 38/38 MP: 7/7
  1189 | D:2      | Reached skill level 1 in Short Blades
  1189 | D:2      | Reached skill level 1 in Long Blades
  1189 | D:2      | Reached skill level 1 in Axes
  1189 | D:2      | Reached skill level 1 in Maces & Flails
  1189 | D:2      | Reached skill level 1 in Polearms
  1189 | D:2      | Reached skill level 1 in Staves
  1189 | D:2      | Reached skill level 1 in Slings
  1189 | D:2      | Reached skill level 1 in Bows
  1189 | D:2      | Reached skill level 1 in Armour
  1189 | D:2      | Reached skill level 1 in Dodging
  1189 | D:2      | Reached skill level 1 in Stealth
  1189 | D:2      | Reached skill level 1 in Shields
  1189 | D:2      | Reached skill level 1 in Unarmed Combat
  1189 | D:2      | Reached skill level 1 in Invocations
  1189 | D:2      | Reached XP level 4. HP: 39/45 MP: 8/8
  1247 | D:2      | Noticed Robin
  1280 | D:2      | Killed Robin
  1386 | D:2      | Reached skill level 1 in Conjurations
  1386 | D:2      | Reached skill level 1 in Hexes
  1386 | D:2      | Reached skill level 1 in Summonings
  1386 | D:2      | Reached skill level 1 in Necromancy
  1386 | D:2      | Reached skill level 1 in Translocations
  1386 | D:2      | Reached skill level 1 in Transmutations
  1386 | D:2      | Reached skill level 1 in Fire Magic
  1386 | D:2      | Reached skill level 1 in Ice Magic
  1386 | D:2      | Reached skill level 1 in Air Magic
  1386 | D:2      | Reached skill level 1 in Earth Magic
  2061 | D:3      | Reached XP level 5. HP: 51/51 MP: 9/9
  2231 | D:4      | Noticed Dowan
  2233 | D:4      | Noticed Duvessa
  2386 | D:4      | Noticed Grinder
  2426 | D:3      | Slain by an iguana

Illustrated notes

Levels and vault maps discovered:
D:1:      dpeg_arrival_stone_temple_mockup, layout_loops_ring, minivault_5
D:2:      layout_rooms, uniq_robin
D:3:      layout_loops_ring, kennysheep_generic_room_13
D:4:      layout_basic, nicolae_dithmenos_through_a_glass_darkly,
          okawaru_gym_becter, minmay_misc_feat_hallway, uniq_duvessa,
          uniq_grinder, uniq_menkaure

Skill      XL: |  1  2  3  4 |
---------------+-------------+-----
Short Blades   | 1 |  1.4
Long Blades    | 1 |  1.4
Axes           | 1 |  1.4
Maces & Flails | 1 |  1.4
Polearms       | 1 |  1.4
Staves         | 1 |  1.4
Slings         | 1 |  1.4
Bows           | 1 |  1.4
Armour         | 1 |  1.4
Dodging        | 1 |  1.4
Stealth        | 1 |  1.4
Shields        | 1 |  1.4
Unarmed Combat | 1 |  1.4
Invocations    | 1 |  1.6
Spellcasting   | 3 |  3.1
Conjurations   | 1 |  1.1
Hexes          | 1 |  1.1
Summonings     | 1 |  1.1
Necromancy     | 1 |  1.1
Translocations | 1 |  1.1
Transmutations | 1 |  1.1
Fire Magic     | 1 |  1.1
Ice Magic      | 1 |  1.1
Air Magic      | 1 |  1.1
Earth Magic    | 1 |  1.1
Fighting       | |  8.6
Crossbows      | |  2.9
Throwing       | |  2.9
Poison Magic   | |  3.9
Evocations     | |  2.9

Action                   |  1- 3 |  4- 6 || total
-------------------------+-------+-------++-------
Melee: Hand axe          |    50 |    99 ||   149
       Short sword       |     4 |       ||     4
       Bite              |     2 |     8 ||    10
 Fire: Hand crossbow     |    28 |       ||    28
  Use: Scroll            |     2 |       ||     2
 Stab: Sleeping          |       |     1 ||     1
Armor: Ring mail         |    15 |    47 ||    62
Dodge: Dodged            |    31 |    56 ||    87

Table legend: (Time is in decaauts)
 A = Elapsed time spent in this place.
 B = Non-inter-level travel time spent in this place.
 C = Inter-level travel time spent in this place.
 D = Time resting spent in this place.
 E = Time spent auto-exploring this place.
 F = Levels seen in this place.
 G = Mean time per level.
                   A        B        C        D        E       F      G
               +--------+--------+--------+--------+--------+-----+--------+
         Total |   2475 |   2331 |    144 |      0 |   1799 |   4 |  618.8 |
       Dungeon |   2475 |   2331 |    144 |      0 |   1799 |   4 |  618.8 |
               +--------+--------+--------+--------+--------+-----+--------+

Top non-repeatable levels by time:
     D:1: 1016 daAuts
     D:3: 714 daAuts
     D:2: 605 daAuts
     D:4: 138 daAuts
